 Dungeon Crawl Stone Soup version 0.22-a0-367-gb72a975 (webtiles) character file.

87 khargal the Shield-Bearer (level 4, -7/29 HPs)
             Began as a Gargoyle Fighter on Apr 22, 2018.
             Mangled by an ogre
             ... wielding a +0 giant club
              (8 damage)
             ... on level 3 of the Dungeon.
             The game lasted 00:02:49 (1908 turns).

khargal the Shield-Bearer (Gargoyle Fighter)        Turns: 1908, Time: 00:02:50

Health: -7/29      AC: 10    Str: 20    XL:     4   Next: 51%
Magic:  4/4        EV:  7    Int:  9    God:
Gold:   83         SH:  9    Dex:  9    Spells: 3/3 levels left

rFire    . . .     SeeInvis .   a - +0 flail
rCold    . . .     Gourm    .   c - +0 shield
rNeg     + . .     Faith    .   b - +0 scale mail
rPois    ∞         Spirit   .   (no helmet)
rElec    +         Reflect  .   (no cloak)
rCorr    .         Harm     .   (no gloves)
MR       .....                  (no boots)
Stlth    ..........             (no amulet)
HPRegen  0.09/turn              (no ring)
MPRegen  0.09/turn              (no ring)

@: no status effects
A: negative energy resistance 1, electricity resistance, unbreathing,
petrification resistance, rot immunity, AC +3
a: no special abilities


You were on level 3 of the Dungeon.
You were not hungry.

You visited 1 branch of the dungeon, and saw 3 of its levels.

You collected 83 gold pieces.

Inventory:

Hand Weapons
 a - a +0 flail (weapon)
 k - a +0 whip
Armour
 b - a +0 scale mail (worn)
 c - a +0 shield (worn)
Scrolls
 g - a scroll of identify
 m - a scroll of remove curse {unknown}
Potions
 d - a potion of might
 e - 2 potions of degeneration {unknown}
 h - a potion of berserk rage
 i - a potion of haste
 j - 4 potions of curing
Comestibles
 f - 5 rations
 l - 3 chunks of flesh


   Skills:
 + Level 3.8 Fighting
 + Level 3.3 Maces & Flails
 + Level 3.8 Armour
 + Level 3.9 Shields


You had 3 spell levels left.
You didn't know any spells.

Dungeon Overview and Level Annotations

Branches:
Dungeon (3/15)

Altars:
Sif Muna
Yredelemnul


Innate Abilities, Weirdness & Mutations

You are resistant to torment.
Your stone body is resilient. (AC +3)
You are immune to poison.
You resist negative energy. (rN+)
You are resistant to electric shocks. (rElec)
You can survive without breathing.
You are immune to petrification.
You are immune to rotting.


Message History

The ogre is almost dead.
The ogre closely misses you.
You closely miss the ogre.
The ogre is almost dead.
The ogre hits you with a giant club.
You hit the ogre.
The ogre is almost dead.
The ogre hits you with a giant club!
* * * LOW HITPOINT WARNING * * *
You are too injured to fight recklessly!
You are too injured to fight recklessly!
You are too injured to fight recklessly!
You are too injured to fight recklessly!
You are too injured to fight recklessly!
You are too injured to fight recklessly!
You are too injured to fight recklessly!
You barely miss the ogre.
The ogre is almost dead.
The ogre hits you with a giant club!
You die...

#..........##
...........>#
.......####.#
+# .....###
#.##.. .....#
#..##. ######
##.##.##
#..#.r#
##.##O#
#..#@##
##.#..#
#..#.# ##.#.#
#...# ##...
.#. ....
#....


You could see an ogre and a rat.

Vanquished Creatures
  A hound skeleton (D:3)
  An adder (D:3)
  A worm (D:2)
  2 dart slugs
  2 leopard geckos (D:1)
  2 giant cockroaches (D:2)
  4 goblins
  4 hobgoblins
  8 jackals
  8 kobolds
  11 bats
  6 frilled lizards
  4 rats (D:1)
  A spectral orc (D:2)
55 creatures vanquished.

Notes
Turn   | Place    | Note
-------+----------+-------------------------------------------
     0 | D:1      | khargal the Gargoyle Fighter began the quest for the Orb.
     0 | D:1      | Reached XP level 1. HP: 14/14 MP: 1/1
    60 | D:1      | Reached XP level 2. HP: 19/19 MP: 2/2
   315 | D:1      | Reached XP level 3. HP: 22/23 MP: 3/3
  1513 | D:2      | Found a deep blue altar of Sif Muna.
  1560 | D:2      | Found a basalt altar of Yredelemnul.
  1667 | D:3      | Reached XP level 4. HP: 24/29 MP: 4/4
  1898 | D:3      | Noticed an ogre
  1907 | D:3      | HP: 1/29 [ogre/giant club (14)]
  1908 | D:3      | Mangled by an ogre

Vault maps used:
D:1:      dpeg_arrival_shrine, serial_bayou_pond_a
D:2:      yredelemnul_forgotten_temple_becter, lemuel_blue_sif_altar,
          kennysheep_nondescript
D:3:      first_ration, roderic_batcave, uniq_crazy_yiuf_cottage

Skill      XL: |  1  2  3  4 |
---------------+-------------+-----
Maces & Flails | 3 |  3.3
Fighting       | |  3.8
Armour         | |  3.8
Shields        | |  3.9

Action                   |  1- 3 |  4- 6 || total
-------------------------+-------+-------++-------
Melee: Flail             |   174 |    43 ||   217
  Use: Scroll            |     4 |       ||     4
  Eat: Chunk             |     1 |     3 ||     4
Armor: Scale mail        |   148 |    32 ||   180
Dodge: Dodged            |    79 |    30 ||   109
Block: Shield            |   102 |    33 ||   135

Table legend:
 A = Spawn XP
 B = Non-spawn XP
 C = Spawn XP percentage of total XP
 D = Spawn monster count
 E = Non-spawn monster count
 F = Spawn count percentage of total count
 G = Total turns spent on level
                    A         B        C        D         E        F      G
               +---------+---------+-------+---------+---------+-------+---------
         Total |       0 |     125 |   0.0 |       0 |      55 |   0.0 |  1908
               +---------+---------+-------+---------+---------+-------+---------
           D:1 |       0 |      52 |   0.0 |       0 |      30 |   0.0 |   722
           D:2 |       0 |      24 |   0.0 |       0 |      12 |   0.0 |   915
           D:3 |       0 |      49 |   0.0 |       0 |      13 |   0.0 |   271
               +---------+---------+-------+---------+---------+-------+---------
